 Dungeon Crawl Stone Soup version 0.23.0 (webtiles) character file.

Game seed: 9126911046870675189

631 TheOrbIsALie the Skirmisher (level 7, -6/60 HPs)
             Began as a Gnoll Wanderer on Feb 21, 2019.
             Was a Believer of Uskayaw.
             Splashed by a jelly's acid (7 damage)
             ... on level 5 of the Dungeon.
             The game lasted 00:06:59 (3743 turns).

TheOrbIsALie the Skirmisher (Gnoll Wanderer)        Turns: 3743, Time: 00:07:00

Health: -6/60      AC: -1    Str: 16    XL:     7   Next: 48%
Magic:  15/15      EV: 12    Int: 14    God:    Uskayaw [**....]
Gold:   205        SH:  0    Dex: 15    Spells: 17/17 levels left

rFire    . . .     SeeInvis .   h - +0 flail
rCold    . . .     Gourm    .   (no shield)
rNeg     . . .     Faith    .   g - +0 ring mail
rPois    .         Spirit   .   (no helmet)
rElec    .         Reflect  .   (no cloak)
rCorr    .         Harm     .   s - +0 pair of gloves
MR       .....                  (no boots)
Stlth    ++........             (no amulet)
HPRegen  0.20/turn              e - ring of attention
MPRegen  0.14/turn              p - ring of stealth

@: corroded
A: distributed training, fangs 1, strong nose
a: Stomp, Line Pass, Renounce Religion


You were on level 5 of the Dungeon.
You worshipped Uskayaw.
Uskayaw was noncommittal.
You were not hungry.

You visited 1 branch of the dungeon, and saw 5 of its levels.

You collected 205 gold pieces.

Inventory:

Hand Weapons
 h - a +0 flail (weapon)
 t - a +0 arbalest
Missiles
 o - 6 javelins (quivered)
 v - 40 arrows
 x - 55 bolts
Armour
 d - a +0 robe
 g - a +0 ring mail (worn)
 s - a +0 pair of gloves (worn)
Jewellery
 e - a ring of attention (left hand)
 p - a ring of stealth (right hand)
Wands
 n - a wand of flame (5)
Scrolls
 a - 2 scrolls of blinking {unknown}
 c - 2 scrolls of teleportation
 j - 3 scrolls of remove curse
 k - 4 scrolls of identify
 m - 2 scrolls of fog {unknown}
 r - a scroll of enchant armour {unknown}
 w - a scroll of enchant weapon {unknown}
 y - a scroll of noise {unknown}
 A - a scroll of fear {unknown}
Potions
 b - a potion of cancellation {unknown}
 i - 2 potions of curing {unknown}
 l - a potion of lignification
 q - 2 potions of ambrosia
 u - a potion of flight {unknown}
Comestibles
 f - 7 rations
 z - 5 chunks of flesh


   Skills:
 + Level 7.0 Fighting
 + Level 2.4 Short Blades
 + Level 2.4 Long Blades
 + Level 2.4 Axes
 + Level 5.2 Maces & Flails
 + Level 2.4 Polearms
 + Level 2.4 Staves
 + Level 2.4 Slings
 + Level 2.4 Bows
 + Level 2.4 Crossbows
 + Level 2.4 Throwing
 + Level 2.4 Armour
 + Level 2.4 Dodging
 + Level 3.4 Stealth
 + Level 2.4 Shields
 + Level 2.4 Unarmed Combat
 + Level 5.6 Spellcasting
 + Level 2.0 Conjurations
 + Level 2.0 Hexes
 + Level 2.0 Charms
 + Level 2.0 Summonings
 + Level 2.0 Necromancy
 + Level 2.0 Translocations
 + Level 2.0 Transmutations
 + Level 3.0 Fire Magic
 + Level 2.0 Ice Magic
 + Level 2.0 Air Magic
 + Level 2.0 Earth Magic
 + Level 2.0 Poison Magic
 + Level 2.7 Invocations
 + Level 3.6 Evocations


You had 17 spell levels left.
You didn't know any spells.
Your spell library was empty.

Dungeon Overview and Level Annotations

Branches:
Dungeon (5/15)
 Temple: D:4-7

Altars:
Cheibriados
Makhleb
Uskayaw
Xom


Innate Abilities, Weirdness & Mutations

Your experience applies equally to all skills.
You have very sharp teeth.
Your uncanny sense of smell can sniff out nearby items.


Message History

The jelly is moderately wounded.
The leopard gecko bites you. The jelly barely misses you.
You barely miss the jelly.
The jelly is moderately wounded.
The leopard gecko bites you.
* * * LOW HITPOINT WARNING * * *
The jelly hits you.
* * * LOW HITPOINT WARNING * * *
You are splashed with acid!
* * * LOW HITPOINT WARNING * * *
The leopard gecko barely misses you.
You hit the jelly.
Your hands burn!
* * * LOW HITPOINT WARNING * * *
You bite the jelly, but do no damage.
The jelly is moderately wounded.
An adder comes into view.
The jelly hits you.
* * * LOW HITPOINT WARNING * * *
You are splashed with acid!
You die...

..# ..# .
..###.. ####
##S.#....
#...##.......
#.....>...###.
#.............
#....l@J......
#...#..#.#.#..
#.. +..# .. #.
#... ... #
..##. .#. ...#
+# .. ∆∆...+ .
....#


You could see a jelly, an adder (wandering) and a leopard gecko.

Vanquished Creatures
  Sigmund (D:3)
  An ogre (D:4)
  A howler monkey (D:5)
  An orc priest (D:4)
  Terence (D:3)
  Natasha (thrice) (D:2)
  3 worker ants (D:4)
  A hound skeleton (D:4)
  3 adders
  A worm (D:3)
  A leopard gecko (D:3)
  6 orcs (D:4)
  2 ball pythons
  11 bats
  A giant cockroach (D:2)
  6 goblins
  3 hobgoblins
  6 jackals
  A quokka (D:2)
  3 frilled lizards
  8 kobolds
  A leopard gecko skeleton (D:4)
  5 rats
70 creatures vanquished.

Vanquished Creatures (collateral kills)
  A phantom (D:4)
  A leopard gecko (D:4)
  An orc (D:4)
3 creatures vanquished.

Grand Total: 73 creatures vanquished

Notes
Turn   | Place    | Note
-------+----------+-------------------------------------------
     0 | D:1      | TheOrbIsALie the Gnoll Wanderer began the quest for the
                  | Orb.
     0 | D:1      | TheOrbIsALie set off with the following items: a box of
                  | beasts, a +0 mace, a scroll of teleportation, a +0 robe, a
                  | ration
     0 | D:1      | Reached XP level 1. HP: 23/23 MP: 6/6
   216 | D:1      | Reached XP level 2. HP: 29/29 MP: 7/7
   890 | D:2      | Found a burning altar of Makhleb.
   891 | D:2      | Noticed Natasha
   901 | D:2      | Killed Natasha
   901 | D:2      | Reached skill level 5 in Spellcasting
   901 | D:2      | Reached skill level 1 in Invocations
   901 | D:2      | Reached XP level 3. HP: 19/35 MP: 7/9
   941 | D:2      | Reached skill level 1 in Short Blades
   941 | D:2      | Reached skill level 1 in Long Blades
   941 | D:2      | Reached skill level 1 in Axes
   941 | D:2      | Reached skill level 1 in Polearms
   941 | D:2      | Reached skill level 1 in Staves
   941 | D:2      | Reached skill level 1 in Slings
   941 | D:2      | Reached skill level 1 in Bows
   941 | D:2      | Reached skill level 1 in Crossbows
   941 | D:2      | Reached skill level 1 in Throwing
   941 | D:2      | Reached skill level 1 in Armour
   941 | D:2      | Reached skill level 1 in Dodging
   941 | D:2      | Reached skill level 1 in Shields
   941 | D:2      | Reached skill level 1 in Unarmed Combat
  1139 | D:2      | Reached XP level 4. HP: 34/41 MP: 11/11
  1368 | D:2      | Found a faded altar of an unknown god.
  1386 | D:2      | Became a worshipper of Uskayaw the Reveler
  1386 | D:2      | Reached * piety under Uskayaw
  1704 | D:2      | Noticed Natasha
  1711 | D:2      | Reached ** piety under Uskayaw
  1713 | D:2      | Killed Natasha
  1713 | D:2      | Reached skill level 1 in Conjurations
  1713 | D:2      | Reached skill level 1 in Hexes
  1713 | D:2      | Reached skill level 1 in Charms
  1713 | D:2      | Reached skill level 1 in Summonings
  1713 | D:2      | Reached skill level 1 in Necromancy
  1713 | D:2      | Reached skill level 1 in Translocations
  1713 | D:2      | Reached skill level 1 in Transmutations
  1713 | D:2      | Reached skill level 1 in Ice Magic
  1713 | D:2      | Reached skill level 1 in Air Magic
  1713 | D:2      | Reached skill level 1 in Earth Magic
  1713 | D:2      | Reached skill level 1 in Poison Magic
  1977 | D:2      | Noticed Natasha
  1986 | D:2      | Killed Natasha
  1986 | D:2      | Reached XP level 5. HP: 18/47 MP: 12/12
  2153 | D:3      | Noticed Sigmund
  2203 | D:3      | Reached *** piety under Uskayaw
  2204 | D:3      | Killed Sigmund
  2204 | D:3      | Reached XP level 6. HP: 49/53 MP: 14/14
  2483 | D:3      | Found a shimmering altar of Xom.
  2488 | D:3      | Noticed Terence
  2496 | D:3      | Killed Terence
  2496 | D:3      | Reached skill level 5 in Maces & Flails
  2919 | D:4      | Noticed a phantom
  2943 | D:4      | Killed a phantom
  2943 | D:4      | Reached XP level 7. HP: 21/59 MP: 15/15
  3510 | D:4      | Found a snail-covered altar of Cheibriados.
  3519 | D:4      | Reached skill level 7 in Fighting
  3731 | D:5      | Entered Level 5 of the Dungeon
  3743 | D:5      | HP: 3/60 [acid (3)]
  3743 | D:5      | HP: 1/60 [jelly (2)]
  3743 | D:5      | Splashed by a jelly's acid

Skill      XL: |  1  2  3  4  5  6  7 |
---------------+----------------------+-----
Fire Magic     | 2 3 |  3.0
Spellcasting   | 5 |  5.6
Invocations    | 1 2 |  2.7
Short Blades   | 1 2 |  2.4
Long Blades    | 1 2 |  2.4
Axes           | 1 2 |  2.4
Polearms       | 1 2 |  2.4
Staves         | 1 2 |  2.4
Slings         | 1 2 |  2.4
Bows           | 1 2 |  2.4
Crossbows      | 1 2 |  2.4
Throwing       | 1 2 |  2.4
Armour         | 1 2 |  2.4
Dodging        | 1 2 |  2.4
Shields        | 1 2 |  2.4
Unarmed Combat | 1 2 |  2.4
Conjurations   | 1 2 |  2.0
Hexes          | 1 2 |  2.0
Charms         | 1 2 |  2.0
Summonings     | 1 2 |  2.0
Necromancy     | 1 2 |  2.0
Translocations | 1 2 |  2.0
Transmutations | 1 2 |  2.0
Ice Magic      | 1 2 |  2.0
Air Magic      | 1 2 |  2.0
Earth Magic    | 1 2 |  2.0
Poison Magic   | 1 2 |  2.0
Stealth        | 3 |  3.4
Evocations     | 3 |  3.6
Maces & Flails | 5 |  5.2
Fighting       | 7 |  7.0

Action                   |  1- 3 |  4- 6 |  7- 9 || total
-------------------------+-------+-------+-------++-------
Melee: Mace              |    62 |    79 |       ||   141
       Bite              |     5 |    16 |     7 ||    28
       Punch             |       |     1 |     2 ||     3
       Flail             |       |    49 |    46 ||    95
Evoke: Wand              |       |     6 |     3 ||     9
       Box of beasts     |       |     1 |       ||     1
  Use: Potion            |       |     3 |       ||     3
       Scroll            |       |       |     3 ||     3
 Stab: Sleeping          |     1 |       |       ||     1
       Distracted        |       |     1 |       ||     1
       Paralysed         |       |       |     1 ||     1
  Eat: Chunk             |     1 |     6 |     2 ||     9
Armor: Ring mail         |    25 |    40 |    15 ||    80
       Skin              |       |    33 |       ||    33
Dodge: Dodged            |    59 |    82 |    24 ||   165
